 Dungeon Crawl Stone Soup version 0.20-a0-1000-g0e8f6bb (webtiles) character file.

63 Krakonus1 the Grasshopper (level 3, -2/16 HPs)
             Began as a Felid Warper on Apr 12, 2017.
             Slain by a worm (9 damage)
             ... on level 2 of the Dungeon.
             The game lasted 00:08:24 (1989 turns).

Krakonus1 the Grasshopper (Felid Warper)            Turns: 1989, Time: 00:08:25

Health: -2/16      AC:  1    Str:  7    XL:     3   Next: 87%
Magic:  4/7        EV: 19    Int: 15    God:
Gold:   69         SH:  0    Dex: 15    Spells: 1/6 levels left
                                        Lives:  0   Deaths: 0

rFire    . . .     SeeInvis +     - Unarmed
rCold    . . .     Gourm    .   (shield unavailable)
rNeg     . . .     Faith    .   (armour unavailable)
rPois    .         Spirit   .   (helmet unavailable)
rElec    .         Reflect  .   (cloak unavailable)
rCorr    .         Harm     .   (gloves unavailable)
MR       .....                  (boots unavailable)
Stlth    ++........             (no amulet)
Regen    0.1/turn               (no ring)
MPRegen  0.1/turn               (no ring)

@: quick
A: no armour, no weapons or thrown items, stealth, claws 1, fangs 3, see
invisible, carnivore 3, speed 1, shaggy fur 1, slow metabolism 1, sharp paws
a: no special abilities


You were on level 2 of the Dungeon.
You were completely stuffed.

You visited 1 branch of the dungeon, and saw 2 of its levels.

You collected 69 gold pieces.

Inventory:

Scrolls
 b - a scroll of blinking
 d - a scroll of recharging {unknown}
 g - 2 scrolls of teleportation
 h - a scroll of remove curse {unknown}
Potions
 e - a potion of heal wounds {unknown}
 f - 2 potions of berserk rage {unknown}
Books
 a - a book of Spatial Translocations

   Spells                             Type                      Level
   a - Blink                          Translocation                2
   b - Shroud of Golubria             Charms/Translocation         2
   c - Lesser Beckoning               Translocation                3
   d - Gell's Gravitas                Translocation                3
   e - Teleport Other                 Translocation                3
   f - Passage of Golubria            Translocation                4
Comestibles
 c - 3 meat rations


   Skills:
 + Level 2.4 Fighting
 * Level 4.1 Dodging
 * Level 1.5 Stealth
 + Level 2.4 Unarmed Combat
 + Level 2.2 Spellcasting
 * Level 4.9 Translocations


You had one spell level left.
You knew the following spells:

 Your Spells              Type           Power        Failure   Level  Hunger
a - Shroud of Golubria    Chrm/Tloc      #.........   12%         2    ###....
b - Teleport Other        Tloc           ###.....     10%         3    ###....


Dungeon Overview and Level Annotations

Branches:
Dungeon (2/15)

Altars:


Innate Abilities, Weirdness & Mutations

You cannot wear armour.
You are incapable of wielding weapons or throwing items.
Your paws allow you to move quietly. (Stealth)
You have sharp claws.
You have razor-sharp teeth.
You have supernaturally acute eyesight. (SInv)
You are carnivorous and can eat meat at any time.
You cover ground quickly.
You are covered in fur. (AC +1)
You have a slow metabolism.
Your sharp claws are effective at attacking unaware monsters.


Message History

You scratch the worm but do no damage.
The worm is heavily wounded.
Your shroud begins to fray at the edges.
The worm completely misses you.
You scratch the worm.
The worm is heavily wounded.
You completely miss the worm.
The worm is heavily wounded.
The worm bites you!
Ouch! That really hurt!
You are too injured to fight recklessly!
You are too injured to fight recklessly!
Casting: Shroud of Golubria
Confirm with . or Enter, or press ? or * to list all spells.
Aiming: Teleport Other
Press: ? - help, Shift-Dir - straight line, f - worm
Aim: a worm (moderately wounded, chance to defeat MR: 62%)
The worm looks slightly unstable.
The worm bites you!
Ouch! That really hurt!
You die...

#### #.#.......# #.##.######'###.
.... ..#.....#####.##...........#
.#######.........#.##...........#
.................#.##...........#
.###### ........+.##...........#
.#.# #..#....#.##............
.#.# #..#....#.##............
.#.# #..#....#.##....[......#
.#.# #..#...@†..............+
...# #..##.w#..#............#
.#.# #..###.#..#............#
.#.# #......................#
...# #.####..#..#...........#
##.# #.# ##.#..#...........# #.#
#.# ....#.#'###+##### #.# #.#
.......<.......
##########.######...#.#####.#.#


You could see a worm.

Vanquished Creatures
  A gnoll (D:1)
  An adder (D:2)
  3 giant cockroaches
  5 goblins (D:1)
  7 hobgoblins
  4 jackals (D:2)
  7 kobolds
  5 bats
  A frilled lizard (D:1)
  5 rats (D:1)
39 creatures vanquished.

Notes
Turn   | Place    | Note
-------+----------+-------------------------------------------
     0 | D:1      | Krakonus1 the Felid Warper began the quest for the Orb.
     0 | D:1      | Reached XP level 1. HP: 9/9 MP: 4/4
   273 | D:1      | Reached XP level 2. HP: 13/13 MP: 6/6
   277 | D:1      | Learned a level 2 spell: Shroud of Golubria
  1098 | D:1      | Reached XP level 3. HP: 10/16 MP: 4/7
  1101 | D:1      | Reached skill level 1 in Stealth
  1420 | D:2      | Learned a level 3 spell: Teleport Other
  1989 | D:2      | Slain by a worm

Vault maps used:
D:1:      dpeg_arrival_boxes_within_box, serial_bayou_crossing
D:2:      chequers_ecumenical_altar_simple

Skill      XL: |  1  2  3 |
---------------+----------+-----
Dodging        | 4 |  4.1
Stealth        | 1 |  1.5
Fighting       | |  2.4
Unarmed Combat | |  2.4
Spellcasting   | |  2.2
Translocations | |  4.9

Action                   || total
-------------------------++-------
Melee: Unarmed           ||   167
       Bite              ||    17
 Cast: Shroud of Golubri ||    11
       Teleport Other    ||     1
  Use: Scroll            ||     2
 Stab: Sleeping          ||     6
  Eat: Chunk             ||    11
Armor: Skin              ||    11
Dodge: Dodged            ||   169
